MLB
COLORADO ROCKIES @ DETROIT TIGERS
05/05/2020
 
TOP OF THE 1ST
Colorado Rockies batting - Pitching for Detroit Tigers : RHP Joe Ross
Pitching: RHP Joe Ross
Batting: RHB Christian Lopes 0-0: Called Strike
0-1: Swinging Strike
0-2: Ground out 3-1 (Groundball, 34S, EV 80.0 MPH)
Batting: SHB Victor Reyes 0-0: Ground out 4-3 (Groundball, 4D, EV 110.6 MPH)
Batting: LHB Shohei Ohtani 0-0: Ball
1-0: Ball
2-0: Fly out, F2 (Popup, 25F, EV 91.9 MPH)
Top of the 1st over - 0 runs, 0 hits, 0 errors, 0 left on base; Colorado 0 - Detroit 0
BOTTOM OF THE 1ST
Detroit Tigers batting - Pitching for Colorado Rockies : RHP Aaron Sanchez
Pitching: RHP Aaron Sanchez
Batting: RHB Nick Madrigal 0-0: Ground out U3 (Groundball, 34, EV 88.1 MPH)
Batting: RHB Starling Marte 0-0: Ball
1-0: Fly out, F6 (Line Drive, 6, EV 65.6 MPH)
Batting: RHB Jake Marisnick 0-0: Ball
1-0: Foul Ball, location: 2F
1-1: Fly out, F7 (Flyball, 7D, EV 83.1 MPH)
Bottom of the 1st over - 0 runs, 0 hits, 0 errors, 0 left on base; Colorado 0 - Detroit 0
TOP OF THE 2ND
Colorado Rockies batting - Pitching for Detroit Tigers : RHP Joe Ross
Batting: LHB Josh VanMeter 0-0: Foul Ball, location: 2F
0-1: Ball
1-1: Ball
2-1: Swinging Strike
2-2: Foul Ball, location: 2F
2-2: Foul Ball, location: 2F
2-2: Reached on error, E6 (Popup, P, EV 74.4 MPH)
Batting: RHB Michael Brosseau 0-0: Called Strike
0-1: Foul Ball, location: 2F
0-2: Ball
1-2: SINGLE (Groundball, 56D, EV 105.6 MPH)
Josh VanMeter to second
Batting: RHB Miguel Cabrera 0-0: Grounds into double play, 4-6-3 (Groundball, 4, EV 85.0 MPH)
Josh VanMeter to third
Batting: RHB Orlando Arcia 0-0: Foul Ball, location: 2F
0-1: Fly out, F8 (Flyball, 8LD, EV 74.4 MPH)
Top of the 2nd over - 0 runs, 1 hit, 1 error, 1 left on base; Colorado 0 - Detroit 0
BOTTOM OF THE 2ND
Detroit Tigers batting - Pitching for Colorado Rockies : RHP Aaron Sanchez
Batting: RHB George Springer 0-0: Ball
1-0: Ball
2-0: Ball
3-0: Base on Balls
Batting: RHB Jose Abreu 0-0: Foul Ball, location: 2F
0-1: Ball
1-1: Fly out, F4 (Popup, 4M, EV 73.1 MPH)
Batting: RHB Khris Davis 0-0: Ball
1-0: Called Strike
1-1: SINGLE (Flyball, 89S, EV 93.1 MPH)
George Springer to second
Runner from 2nd tries for 3rd, SAFE, throw by RF made to third
Now in RF: Jake Rogers
Batting: RHB J.T. Realmuto 0-0: Grounds into double play, 5-4-3 (Groundball, 56S, EV 86.9 MPH)
Bottom of the 2nd over - 0 runs, 1 hit, 0 errors, 1 left on base; Colorado 0 - Detroit 0
TOP OF THE 3RD
Colorado Rockies batting - Pitching for Detroit Tigers : RHP Joe Ross
Batting: LHB CJ Alexander 0-0: Reached on error, E4 (Groundball, 13, EV 76.3 MPH)
Batting: LHB Nick Ciuffo 0-0: SINGLE (Groundball, 56D, EV 99.4 MPH)
CJ Alexander to second
Batting: RHB Christian Lopes 0-0: Called Strike
0-1: SINGLE (Groundball, 56, EV 97.5 MPH)
CJ Alexander to third
Nick Ciuffo to second
Batting: SHB Victor Reyes 0-0: Foul Ball, location: 2F
0-1: SINGLE (Line Drive, 5D, EV 95.6 MPH)
CJ Alexander scores
Nick Ciuffo to third
Christian Lopes to second
Batting: RHB Jake Rogers 0-0: Ball
1-0: Fly out, F7 (Flyball, 7LM, EV 93.8 MPH)
Runner from 3rd tags up, SCORES, throw by LF
Christian Lopes to third
Batting: LHB Josh VanMeter 0-0: Ball
1-0: Fly out, F7 (Flyball, 78S, EV 87.5 MPH)
Batting: RHB Michael Brosseau 0-0: Ball
1-0: Swinging Strike
1-1: Foul Ball, location: 2F
1-2: Strikes out swinging passed ball, reaches first!
Christian Lopes scores
Victor Reyes to second
Batting: RHB Miguel Cabrera 0-0: Ball
1-0: Ball
2-0: Foul Ball, location: 2F
2-1: Ground out 2-3 (Groundball, 2L, EV 66.3 MPH)
Top of the 3rd over - 3 runs, 3 hits, 1 error, 2 left on base; Colorado 3 - Detroit 0
BOTTOM OF THE 3RD
Detroit Tigers batting - Pitching for Colorado Rockies : RHP Aaron Sanchez
Batting: RHB J.D. Davis 0-0: Swinging Strike
0-1: SINGLE (Groundball, 3D, EV 103.1 MPH)
Batting: LHB Kolten Wong 0-0: Ground out U3 (Groundball, 3L, EV 101.9 MPH)
J.D. Davis to second
Batting: RHB Nick Madrigal 0-0: Called Strike
0-1: Ball
1-1: Called Strike
1-2: Foul Ball, location: 2F
1-2: Ground out U3 (Groundball, 3, EV 99.4 MPH)
J.D. Davis to third
Batting: RHB Starling Marte 0-0: Ball
1-0: Fly out, F3 (Popup, 3, EV 60.6 MPH)
Bottom of the 3rd over - 0 runs, 1 hit, 0 errors, 1 left on base; Colorado 3 - Detroit 0
TOP OF THE 4TH
Colorado Rockies batting - Pitching for Detroit Tigers : RHP Joe Ross
Batting: RHB Orlando Arcia 0-0: SINGLE (Groundball, 4M, EV 80.0 MPH) (infield hit)
Batting: LHB CJ Alexander 0-0: Ball
Orlando Arcia is caught stealing 2nd base 2-6
1-0: Foul Ball, location: 2F
1-1: SINGLE (Flyball, 8LS, EV 81.3 MPH)
Batting: LHB Nick Ciuffo 0-0: Fly out, F8 (Line Drive, 8RD, EV 96.3 MPH)
Batting: RHB Christian Lopes 0-0: Ball
CJ Alexander is caught stealing 2nd base 2-4
Top of the 4th over - 0 runs, 2 hits, 0 errors, 0 left on base; Colorado 3 - Detroit 0
BOTTOM OF THE 4TH
Detroit Tigers batting - Pitching for Colorado Rockies : RHP Aaron Sanchez
Batting: RHB Jake Marisnick 0-0: Fly out, F8 (Flyball, 78M, EV 81.9 MPH)
Batting: RHB George Springer 0-0: DOUBLE (Line Drive, 78M, EV 89.4 MPH)
Batting: RHB Jose Abreu 0-0: SINGLE (Line Drive, 8RS, EV 92.5 MPH)
George Springer to third
Batting: RHB Khris Davis 0-0: Called Strike
0-1: Ball
1-1: Ball
2-1: Foul Ball, location: 2F
2-2: Foul Ball, location: 2F
2-2: 3-RUN HOME RUN (Flyball, 7LD, EV 101.3 MPH), Distance : 373 ft
Batting: RHB J.T. Realmuto 0-0: Ball
1-0: Ball
2-0: Foul Ball, location: 2F
2-1: Foul Ball, location: 2F
2-2: Ball
3-2: Fly out, F7 (Line Drive, 7, EV 109.4 MPH)
Batting: RHB J.D. Davis 0-0: Called Strike
0-1: Fly out, F9 (Flyball, 9LM, EV 91.3 MPH)
Bottom of the 4th over - 3 runs, 3 hits, 0 errors, 0 left on base; Colorado 3 - Detroit 3
TOP OF THE 5TH
Colorado Rockies batting - Pitching for Detroit Tigers : RHP Joe Ross
Batting: RHB Christian Lopes 0-0: Fly out, F8 (Flyball, 8LM, EV 99.4 MPH)
Batting: SHB Victor Reyes 0-0: Ball
1-0: Called Strike
1-1: Called Strike
1-2: Ball
2-2: Foul Ball, location: 2F
2-2: Ball
3-2: DOUBLE (Line Drive, 7D, EV 99.4 MPH)
Batting: RHB Jake Rogers 0-0: Ball
1-0: Ball
2-0: Called Strike
2-1: Ground out 1-3 (Groundball, 15S, EV 73.1 MPH)
Batting: LHB Josh VanMeter 0-0: Ground out 4-3 (Groundball, 4, EV 86.9 MPH)
Top of the 5th over - 0 runs, 1 hit, 0 errors, 1 left on base; Colorado 3 - Detroit 3
BOTTOM OF THE 5TH
Detroit Tigers batting - Pitching for Colorado Rockies : RHP Aaron Sanchez
Batting: LHB Kolten Wong 0-0: DOUBLE (Line Drive, 8RXD, EV 100.0 MPH)
Batting: RHB Nick Madrigal 0-0: Called Strike
0-1: Ball
1-1: Sac Bunt to 2L - play at first, batter OUT! 2-3
Kolten Wong to third
Batting: RHB Starling Marte 0-0: Intentional Walk
Batting: RHB Jake Marisnick 0-0: Ball
Pickoff Throw to First - Error! E1
Kolten Wong scores
Starling Marte to second
1-0: Called Strike
1-1: Swinging Strike
1-2: SINGLE (Line Drive, 6M, EV 95.6 MPH)
Starling Marte to third
Runner from 3rd tries for Home, SAFE, throw by CF to home
Batting: RHB George Springer 0-0: Ball
1-0: Swinging Strike
1-1: Reached on error, E2 (Groundball, 15S, EV 73.1 MPH)
Jake Marisnick to third
Batting: RHB Jose Abreu 0-0: Ball
1-0: Ball
2-0: DOUBLE (Flyball, 8LXD, EV 91.9 MPH)
Jake Marisnick scores
George Springer scores
Pitching: RHP Edinson Volquez
Batting: RHB Khris Davis 0-0: Called Strike
0-1: Foul Ball, location: 2F
0-2: SINGLE (Flyball, 3D, EV 89.4 MPH)
Jose Abreu to third
Batting: RHB J.T. Realmuto 0-0: Ball
1-0: SINGLE (Groundball, 56D, EV 102.5 MPH)
Jose Abreu scores
Khris Davis to second
Batting: RHB J.D. Davis 0-0: Swinging Strike
0-1: Foul Ball, location: 2F
0-2: Foul Ball, location: 2F
0-2: Strikes out swinging
Batting: LHB Kolten Wong 0-0: Ball
1-0: Ball
2-0: Ball
3-0: Called Strike
3-1: Foul Ball, location: 2F
3-2: SINGLE (Groundball, 4MD, EV 95.0 MPH)
Khris Davis to third
J.T. Realmuto to second
Khris Davis scores
J.T. Realmuto to third
Batting: RHB Nick Madrigal 0-0: Ball
1-0: Ball
2-0: Ball
3-0: Called Strike
3-1: Foul Ball, location: 2F
3-2: Ground out 5-3 (Groundball, 5S, EV 72.5 MPH)
Bottom of the 5th over - 6 runs, 6 hits, 2 errors, 2 left on base; Colorado 3 - Detroit 9
TOP OF THE 6TH
Colorado Rockies batting - Pitching for Detroit Tigers : RHP Joe Ross
Batting: RHB Michael Brosseau 0-0: Ball
1-0: Called Strike
1-1: Ball
2-1: SOLO HOME RUN (Flyball, 7LD, EV 86.3 MPH), Distance : 378 ft
Batting: RHB Miguel Cabrera 0-0: Ground out 6-3 (Groundball, 6, EV 88.1 MPH)
Batting: RHB Orlando Arcia 0-0: Foul Ball, location: 2F
0-1: Foul Ball, location: 2F
0-2: SINGLE (Groundball, 34, EV 85.0 MPH) (infield hit)
Batting: LHB CJ Alexander 0-0: Ball
1-0: Ball
2-0: Ball
3-0: Base on Balls
Orlando Arcia to second
Batting: LHB Nick Ciuffo 0-0: Foul Ball, location: 2F
0-1: Ball
1-1: Ball
2-1: Ball
3-1: Grounds into double play, 5-4-3 (Groundball, 56, EV 102.5 MPH)
Top of the 6th over - 1 run, 2 hits, 0 errors, 1 left on base; Colorado 4 - Detroit 9
BOTTOM OF THE 6TH
Detroit Tigers batting - Pitching for Colorado Rockies : RHP Edinson Volquez
Batting: RHB Starling Marte 0-0: Ball
1-0: Called Strike
1-1: Called Strike
1-2: Foul Ball, location: 2F
1-2: Strikes out swinging
Batting: RHB Jake Marisnick 0-0: Foul Ball, location: 2F
0-1: Ball
1-1: Ball
2-1: Ball
3-1: SINGLE (Groundball, 5S, EV 75.6 MPH) (infield hit)
Batting: RHB George Springer 0-0: Called Strike
0-1: Fly out, F8 (Line Drive, 8LD, EV 89.4 MPH)
Batting: RHB Jose Abreu 0-0: Called Strike
0-1: Called Strike
0-2: Fly out, F9 (Flyball, 9LM, EV 74.4 MPH)
Bottom of the 6th over - 0 runs, 1 hit, 0 errors, 1 left on base; Colorado 4 - Detroit 9
TOP OF THE 7TH
Colorado Rockies batting - Pitching for Detroit Tigers : RHP Joe Ross
Batting: RHB Christian Lopes 0-0: Swinging Strike
0-1: Called Strike
0-2: Ball
1-2: Foul Ball, location: 2F
1-2: Strikes out swinging
Batting: SHB Victor Reyes 0-0: Called Strike
0-1: Ball
1-1: Foul Ball, location: 2F
1-2: Ground out 6-3 (Groundball, 6MD, EV 103.8 MPH)
Batting: RHB Jake Rogers 0-0: Ball
1-0: Called Strike
1-1: Swinging Strike
1-2: Ball
2-2: Strikes out swinging
Top of the 7th over - 0 runs, 0 hits, 0 errors, 0 left on base; Colorado 4 - Detroit 9
BOTTOM OF THE 7TH
Detroit Tigers batting - Pitching for Colorado Rockies : RHP Edinson Volquez
Batting: RHB Khris Davis 0-0: Fly out, F8 (Flyball, 89D, EV 93.1 MPH)
Batting: RHB J.T. Realmuto 0-0: Ball
1-0: Called Strike
1-1: SINGLE (Groundball, 6D, EV 100.0 MPH)
Pitching: RHP Jason Hammel
Batting: RHB J.D. Davis 0-0: Foul Ball, location: 2F
0-1: Swinging Strike
0-2: Ball
1-2: Ball
2-2: Strikes out swinging
Batting: LHB Kolten Wong 0-0: Called Strike
0-1: Ball
1-1: Ball
2-1: Fly out, F7 (Flyball, 78M, EV 93.1 MPH)
Bottom of the 7th over - 0 runs, 1 hit, 0 errors, 1 left on base; Colorado 4 - Detroit 9
TOP OF THE 8TH
Colorado Rockies batting - Pitching for Detroit Tigers : RHP Joe Ross
Pitching: RHP Kyle Gibson
Batting: LHB Josh VanMeter 0-0: Ball
1-0: Foul Ball, location: 2F
1-1: Ball
2-1: Ground out 5-3 (Groundball, 5, EV 87.5 MPH)
Batting: RHB Michael Brosseau 0-0: Called Strike
0-1: Foul Ball, location: 2F
0-2: Ball
1-2: Fly out, F8 (Flyball, 78D, EV 105.6 MPH)
Batting: RHB Miguel Cabrera 0-0: Ball
1-0: Ball
2-0: Called Strike
2-1: Called Strike
2-2: Fly out, F9 (Flyball, 89XD, EV 96.9 MPH)
Top of the 8th over - 0 runs, 0 hits, 0 errors, 0 left on base; Colorado 4 - Detroit 9
BOTTOM OF THE 8TH
Detroit Tigers batting - Pitching for Colorado Rockies : RHP Jason Hammel
Batting: RHB Nick Madrigal 0-0: Ball
1-0: Swinging Strike
1-1: Swinging Strike
1-2: Ground out 4-3 (Groundball, 4S, EV 90.6 MPH)
Pitching: LHP Austin Davis
Batting: RHB Starling Marte 0-0: Ball
1-0: Foul Ball, location: 2F
1-1: Called Strike
1-2: Strikes out swinging
Batting: RHB Jake Marisnick 0-0: Ball
1-0: Fly out, F8 (Flyball, 8LM, EV 85.6 MPH)
Bottom of the 8th over - 0 runs, 0 hits, 0 errors, 0 left on base; Colorado 4 - Detroit 9
TOP OF THE 9TH
Colorado Rockies batting - Pitching for Detroit Tigers : RHP Kyle Gibson
Batting: RHB Orlando Arcia 0-0: Called Strike
0-1: Ball
1-1: SINGLE (Line Drive, 8RM, EV 93.1 MPH)
Batting: LHB CJ Alexander 0-0: Ball
1-0: SINGLE (Line Drive, 89S, EV 106.9 MPH)
Orlando Arcia to second
Pitching: LHP Tyler Lyons
Batting: LHB Nick Ciuffo 0-0: Ball
1-0: Foul Ball, location: 2F
1-1: SINGLE (Line Drive, 8RS, EV 91.9 MPH)
Orlando Arcia to third
CJ Alexander to second
Batting: RHB Christian Lopes 0-0: Ball
1-0: Ball
2-0: Grounds into double play, 6-4-3 (Groundball, 56, EV 87.5 MPH)
Orlando Arcia scores
CJ Alexander to third
Batting: SHB Victor Reyes 0-0: Called Strike
0-1: Ball
1-1: Foul Ball, location: 2F
1-2: Ball
2-2: Strikes out swinging
Top of the 9th over - 1 run, 3 hits, 0 errors, 1 left on base; Colorado 5 - Detroit 9
Thursday, June 25th, 2020 - OOTP Baseball 21.4 Build 63